AoeStats
← GAX | Urubu

Arena

508477827Analyzed
4v4 RM · 11d ago on Sep 22, 2026· 38m 46s· 8 players
Game mode
Random Map
Map size
Large (8 player)
Population
200
Speed
Normal
Resources
Standard
Victory
Conquest
Starting age
Dark Age
Ending age
Imperial Age
RankedLock teamsTeams togetherTeam positionsShared explorationLock speedFull tech treeHidden civsTurbo modeCheats
Victory
Defeat
🇹🇷 Saxons · Türkiye
1776
+11
🇹🇷 Varangians · Türkiye
1725
+13
🇹🇷 Jurchens · Türkiye
1663
+16
🇹🇷 Varangians · Türkiye
1641
+17
1704
-16
🇳🇴 Danes · Norway
1694
-16
🇺🇸 Saxons · United States
1644
-13
🇧🇷 Vikings · Brazil
1605
-12
买女孩的小火柴
10:41 Feudal Age
14:24 Castle Age
12:15 Double-Bit Axe
12:12 Horse Collar
16:31 Bow Saw
20:01 Heavy Plow
21:24 Loom
22:56 Scale Mail Armor
23:32 Forging
24:26 Wheelbarrow
24:22 Gold Mining
26:22 Stone Mining
27:07 Squires
29:47 Imperial Age
28:11 Hand Cart
29:39 Gambesons
29:41 Arson
30:29 Chain Mail Armor
30:49 Iron Casting
29:58 Elite Varangian Guard
30:42 Town Watch
32:27 Iron Casting
32:24 Plate Mail Armor
32:35 Shield Wall
33:36 Conscription
34:51 Siege Engineers
35:07 Ballistics
35:48 Chemistry
35:06 Onager
daMastah
9:55 Feudal Age
14:05 Castle Age
11:54 Double-Bit Axe
13:00 Stone Mining
12:58 Loom
13:47 Horse Collar
15:05 Bow Saw
20:06 Town Watch
20:58 Wheelbarrow
22:54 Scale Mail Armor
23:06 Forging
23:30 Heavy Plow
25:01 Gold Mining
26:39 Chain Mail Armor
27:52 Gold Shaft Mining
29:04 Stone Shaft Mining
34:08 Imperial Age
34:16 Hand Cart
34:42 Masonry
37:46 Murder Holes
GAX | Urubu
10:23 Feudal Age
11:19 Double-Bit Axe
13:54 Castle Age
12:47 Horse Collar
15:37 Loom
17:05 Bow Saw
16:56 Heavy Plow
17:08 Stone Mining
20:27 Gold Mining
20:31 Town Watch
23:34 Fletching
26:46 Imperial Age
24:37 Crossbowman
25:25 Bodkin Arrow
27:17 Padded Archer Armor
27:47 Conscription
27:41 Bracer
28:06 Ballistics
29:49 Chemistry
28:24 Arbalester
30:10 Leather Archer Armor
31:36 Masonry
34:03 Conscription
3∅∰©Ψ H̵͎̄ẽ̵̝ ̵
10:30 Feudal Age
14:05 Castle Age
12:20 Horse Collar
13:14 Double-Bit Axe
19:39 Wheelbarrow
20:52 Hand Cart
21:11 Bow Saw
22:20 Stone Mining
22:57 Heavy Plow
23:02 Loom
25:11 Stone Shaft Mining
24:52 Gold Mining
28:22 Scale Mail Armor
30:53 Imperial Age
27:46 Pikeman
28:27 Squires
30:46 Scale Barding Armor
30:57 Chain Mail Armor
30:53 Forging
31:57 Chain Barding Armor
31:03 Halberdier
32:53 Plate Mail Armor
35:52 Iron Casting
38:57 Chemistry
37:48 Fletching
37:54 Elite Varangian Guard
38:48 Logistica
Maverick_Taha
10:19 Feudal Age
14:05 Castle Age
11:59 Double-Bit Axe
12:12 Horse Collar
15:12 Bow Saw
15:43 Heavy Plow
16:22 Wheelbarrow
22:15 Hand Cart
23:30 Gold Mining
23:31 Stone Mining
23:45 Loom
28:47 Imperial Age
27:03 Stone Shaft Mining
27:29 Scale Barding Armor
28:45 Chain Barding Armor
28:36 Forging
28:08 Vendel Legacy
29:28 Bloodlines
29:18 Husbandry
30:06 Plate Barding Armor
29:53 Conscription
29:27 Elite Jarl
31:06 Iron Casting
30:38 Town Watch
33:57 Blast Furnace
34:15 Coinage
34:22 Crop Rotation
34:52 Two-Man Saw
35:00 Fletching
35:22 Masonry
35:17 Siege Engineers
37:47 Light Cavalry
Raptiye Rap Rap
10:25 Feudal Age
11:26 Double-Bit Axe
14:05 Castle Age
12:07 Horse Collar
15:30 Bow Saw
16:28 Heavy Plow
18:57 Wheelbarrow
26:48 Imperial Age
24:15 Gold Mining
24:22 Fletching
24:44 Padded Archer Armor
24:52 Stone Mining
27:03 Ballistics
27:37 Leather Archer Armor
29:09 Ring Archer Armor
29:49 Chemistry
28:44 Fletching
31:07 Bodkin Arrow
32:33 Conscription
34:31 Bracer
35:14 Loom
36:34 Thunderclap Bombs
37:08 Siege Engineers
39:23 Stone Shaft Mining
39:25 Gold Shaft Mining
39:18 Masonry
FeelMySpike
9:27 Feudal Age
13:13 Castle Age
11:30 Double-Bit Axe
11:51 Horse Collar
14:32 Bow Saw
20:47 Wheelbarrow
21:34 Heavy Plow
22:00 Stone Mining
22:47 Gold Mining
24:08 Loom
28:08 Imperial Age
26:04 Scale Barding Armor
26:10 Forging
26:40 Forging
27:25 Chain Barding Armor
27:16 Bloodlines
27:06 Husbandry
26:49 Vendel Legacy
28:49 Husbandry
28:41 Cavalier
31:51 Plate Barding Armor
33:43 Conscription
33:51 Light Cavalry
36:06 Hand Cart
38:21 Town Watch
39:16 Stone Shaft Mining
38:31 Hussar
lalalalala
10:07 Feudal Age
14:27 Castle Age
12:18 Double-Bit Axe
12:46 Horse Collar
13:57 Loom
16:13 Wheelbarrow
20:32 Scale Mail Armor
24:23 Gold Mining
32:36 Bow Saw
36:08 Chain Mail Armor
37:42 Forging
40:31 Imperial Age
Connection lost

Rejoining the realm…

Still unreachable

The connection could not be restored.

Session expired

The server has moved on; the page needs a fresh start.